Map: Disco Bloodbath LE

Players

INnoVation - Winner!

  • Race: Terran Terran
  • Spawn Location: 9:00

Seither

  • Race: Terran Terran
  • Spawn Location: 3:00

Event: NationWars 2019

VOD

Have the link to the VOD?

Description

Time

  • Played on: Oct. 4, 2019, 11:39 a.m.
  • Length: 11:41
Show
View Real Time Build Order
Export as new Build Order

INnoVation Terran - Winner!

Build Orders: Gas First Reaper Expand 

Get SALT Encoding   

  12  0:00  SCV  
  13  0:12  SCV  
  14  0:16  Supply Depot  
  14  0:24  SCV  
  14  0:27  Refinery  
  15  0:38  SCV  
  16  0:44  Barracks  
  16  0:50  SCV  
  17  1:02  SCV  
  18  1:14  SCV  
  19  1:31  Orbital Command, Reaper  
  20  1:44  Command Center  
  20  1:56  Factory  
  20  1:59  SCV  
  21  2:06  Barracks Reactor  
  21  2:11  SCV  
  21  2:15  Supply Depot  
  22  2:17  Refinery  
  22  2:23  SCV  
  24  2:37  SCV  
  24  2:42  Marine x2, Starport  
  26  2:47  Factory Tech Lab  
  26  2:49  SCV  
  27  2:56  Orbital Command  
  27  2:59  Refinery  
  27  3:01  SCV  
  27  3:02  Marine  
  29  3:06  Marine  
  30  3:13  SCV  
  31  3:21  SCV  
  31  3:25  Raven, SCV, Marine x2  
  37  3:28  Factory Tech Lab  
  37  3:34  SCV  
  37  3:37  SCV  
  37  3:38  Supply Depot  
  39  3:47  Siege Tank  
  39  3:48  Marine x2  
  43  3:51  SCV x2  
  45  4:01  Supply Depot  
  45  4:03  SCV x2  
  47  4:15  Stimpack, SCV x2  
  47  4:16  Marine  
  47  4:17  Starport Reactor  
  50  4:19  Siege Tank  
  53  4:25  Supply Depot  
  53  4:27  SCV x2  
  55  4:39  SCV  
  55  4:40  SCV  
  55  4:42  Command Center  
  57  4:46  Marine  
  57  4:52  SCV x2  
  60  4:54  Medivac x2  
  60  4:58  Siege Tank  
  67  5:04  SCV x2, Marine  
  70  5:07  Supply Depot  
  70  5:10  Supply Depot  
  70  5:12  Refinery  
  70  5:19  Barracks  
  70  5:27  Barracks, SCV  
  70  5:29  SCV  
  70  5:31  Siege Tank  
  70  5:35  Marine  
  74  5:40  Viking x2  
  79  5:43  SCV x2  
  81  5:53  Marine  
  81  5:54  Orbital Command  
  82  6:00  Engineering Bay  
  82  6:04  Engineering Bay, SCV x2  
  84  6:09  Marine x2  
  78  6:20  Orbital Command  
  78  6:21  Medivac  
  78  6:22  Combat Shield, Barracks Reactor, Medivac  
  78  6:24  SCV x2  
  78  6:25  Marine  
  74  6:26  Marine x2  
  74  6:30  Terran Infantry Weapons Level 1  
  76  6:33  Terran Infantry Armor Level 1  
  76  6:38  Siege Tank  
  76  6:39  SCV  
  80  6:42  SCV  
  80  6:44  Marine x2  
  80  6:45  Marine  
  80  6:47  SCV  
  85  6:54  Medivac  
  85  6:55  SCV x2  
  85  6:57  Viking  
  85  6:58  Marine x2  
  85  6:59  SCV  
  94  7:02  Marine x2  
  94  7:06  Supply Depot  
  96  7:09  Supply Depot  
  96  7:10  Siege Tank  
  96  7:11  SCV x2  
  101  7:20  Supply Depot  
  101  7:27  Barracks, SCV, Marine x5  
  101  7:29  Barracks  
  106  7:38  SCV x2  
  106  7:39  SCV, Supply Depot  
  106  7:41  Armory  
  106  7:42  Siege Tank  
  112  7:44  Sensor Tower  
  112  7:45  Supply Depot, Marine x3  
  112  7:51  SCV, Medivac  
  117  7:52  SCV x2  
  117  7:53  Medivac  
  117  7:58  Marine  
  122  7:59  Marine  
  122  8:03  Marine x3  
  123  8:13  SCV x2  
  123  8:16  Siege Tank  
  123  8:18  Barracks Reactor x2, Marine x2  
  126  8:20  Marine x3  
  126  8:21  SCV  
  126  8:25  SCV x2  
  126  8:26  Refinery  
  126  8:27  Supply Depot, Refinery  
  132  8:36  Marine x2  
  132  8:38  Marine x3  
  132  8:41  Terran Infantry Weapons Level 2  
  137  8:42  Supply Depot  
  137  8:44  Command Center  
  137  8:46  Terran Infantry Armor Level 2  
  137  8:54  Marine x2  
  135  8:56  Marine x3  
  135  8:57  Siege Tank  
  135  8:58  Supply Depot  
  141  9:05  Marine x2  
  141  9:06  Marine x2  
  145  9:11  Marine x2  
  145  9:14  Marine x3  
  139  9:19  Medivac x2  
  139  9:23  Marine x3  
  139  9:24  Marine  
  142  9:29  Marine x2  
  134  9:32  Marine x2  
  133  9:40  Siege Tank, Factory  
  133  9:41  Marine x3  
  133  9:42  Marine  
  137  9:47  Barracks Reactor, SCV x2, Marine x2  
  137  9:48  SCV  
  137  9:49  Marine  
  137  9:50  Marine  
  141  9:55  Medivac x2  
  141  9:59  Marine x3  
  145  10:00  Planetary Fortress  
  145  10:01  SCV  
  145  10:02  SCV x2  
  145  10:04  Refinery, Marine  
  145  10:05  Marine  
  150  10:10  Marine x3  
  153  10:14  Refinery  
  153  10:17  Marine x3  
  153  10:19  Siege Tank  
  159  10:22  Marine  
  159  10:23  Marine  
  159  10:25  Medivac x2  
  159  10:27  Marine  
  159  10:28  Marine x2  
  168  10:32  Marine x2  
  168  10:34  Marine  
  168  10:35  Marine x2  
  172  10:36  Siege Tank  
  172  10:40  Marine x2  
  163  10:47  Marine x3  
  163  10:49  Marine  
  165  10:50  Marine  
  165  10:52  Marine x3  
  165  10:55  Medivac x2  
  173  10:57  SCV x2  
  173  10:58  SCV, Marine x2  
  178  11:05  Marine x2  
Show
View Real Time Build Order
Export as new Build Order

Seither Terran 

Build Orders: Reaper Expand 

Get SALT Encoding   

  12  0:00  SCV  
  13  0:13  SCV  
  14  0:19  Supply Depot  
  14  0:25  SCV  
  15  0:40  SCV  
  15  0:42  Barracks  
  16  0:47  Refinery  
  16  0:52  SCV  
  17  1:04  SCV  
  18  1:17  SCV  
  19  1:30  Orbital Command, Reaper  
  20  1:44  Command Center  
  20  1:51  Supply Depot  
  20  1:57  SCV  
  21  2:02  Marine  
  21  2:08  Factory  
  22  2:11  SCV  
  23  2:22  Refinery  
  23  2:24  Barracks Reactor  
  23  2:25  SCV  
  24  2:37  SCV  
  25  2:50  SCV  
  26  2:52  Hellion  
  26  2:54  Starport  
  26  2:56  Orbital Command  
  28  3:01  Marine x2  
  28  3:05  SCV  
  31  3:14  Factory Tech Lab  
  31  3:17  SCV  
  31  3:19  Marine x2  
  34  3:20  Refinery  
  34  3:24  SCV  
  35  3:31  SCV  
  36  3:36  SCV  
  36  3:38  Marine x2  
  36  3:40  Raven, Factory Tech Lab  
  41  3:49  SCV x2  
  42  3:57  Marine x2  
  42  4:01  SCV x2  
  46  4:07  Supply Depot  
  46  4:08  Supply Depot  
  46  4:20  Command Center  
  46  4:28  Raven, SCV x2, Siege Tank  
  46  4:29  Marine x2  
  55  4:33  Supply Depot  
  55  4:40  SCV x2  
  57  4:46  Marine  
  57  4:47  Marine  
  57  4:51  Barracks  
  59  4:53  SCV x2  
  59  4:54  Barracks  
  59  4:56  Supply Depot  
  59  4:59  Refinery  
  61  5:02  Siege Tank  
  61  5:05  SCV x2  
  66  5:19  SCV x2, Supply Depot  
  68  5:29  Stimpack, Marine  
  68  5:30  Viking x2  
  68  5:33  Orbital Command  
  68  5:34  SCV x2  
  75  5:43  Supply Depot, Siege Tank  
  75  5:44  Barracks Reactor  
  75  5:45  Barracks Reactor  
  78  5:50  SCV x2  
  78  5:52  Marine  
  81  6:00  Engineering Bay  
  81  6:02  Engineering Bay  
  72  6:13  SCV x2  
  70  6:20  Marine  
  70  6:21  Viking x2  
  70  6:23  SCV  
  70  6:25  SCV, Orbital Command  
  72  6:26  Refinery  
  72  6:30  Terran Infantry Weapons Level 1  
  72  6:32  Terran Infantry Armor Level 1  
  72  6:37  SCV x2  
  74  6:42  Marine x5  
  79  6:51  SCV  
  79  6:52  SCV  
  81  6:56  Siege Tank  
  81  6:57  Medivac  
  81  6:58  Medivac  
  81  6:59  Marine  
  81  7:00  Marine  
  90  7:05  SCV x2  
  92  7:10  Supply Depot  
  92  7:13  Combat Shield, Marine x2  
  94  7:18  Barracks  
  94  7:19  Barracks, SCV x2  
  94  7:22  SCV  
  96  7:23  Sensor Tower  
  96  7:28  Marine  
  96  7:29  Marine  
  98  7:31  SCV  
  98  7:32  Siege Tank  
  98  7:33  Marine x2  
  98  7:36  SCV x2  
  106  7:37  Refinery  
  106  7:39  Supply Depot, Refinery  
  106  7:42  Supply Depot  
  106  7:43  SCV  
  107  7:45  Armory  
  107  7:56  Marine x4  
  111  7:59  Marine  
  110  8:08  Marine x2  
  110  8:09  Siege Tank  
  111  8:13  Marine x2  
  111  8:18  SCV x3  
  111  8:24  Marine x3  
  112  8:28  Medivac x2  
  112  8:29  Barracks Reactor  
  112  8:30  SCV x2  
  112  8:31  Marine x2  
  119  8:35  SCV  
  118  8:41  Siege Tank, Marine  
  118  8:42  SCV, Marine x2  
  118  8:47  Barracks Reactor  
  118  8:48  SCV x2  
  126  8:49  Command Center, Marine  
  126  8:54  SCV  
  124  8:58  Medivac  
  124  9:00  SCV x2  
  128  9:08  Marine x6  
  128  9:09  Marine  
  127  9:11  Medivac  
  127  9:14  Siege Tank  
  123  9:18  SCV x3  
  123  9:23  Marine x2  
  107  9:25  Marine  
  107  9:26  Marine x5  
  107  9:27  Marine  
  107  9:28  Medivac  
  107  9:30  SCV x2  
  107  9:31  SCV  
  101  9:41  Marine x2  
  101  9:42  SCV  
  101  9:43  Marine x2  
  101  9:44  Marine x4  
  105  9:50  SCV x2  
  107  9:55  Refinery  
  107  9:57  Siege Tank  
  107  9:58  Marine x2  
  112  10:01  Marine x3  
  112  10:02  Marine x3  
  112  10:05  Factory  
  116  10:15  Barracks Reactor  
  116  10:16  Marine x2  
  116  10:19  Marine x2  
  116  10:20  Marine x2  
  123  10:29  Orbital Command  
  123  10:34  Marine x2  
  121  10:37  Marine  
  114  10:47  Marine x2  
  114  10:48  Marine  
  114  10:49  Siege Tank  
  113  10:52  SCV x2, Marine x2  
  113  10:55  Siege Tank, Marine  
  121  10:59  Barracks  
  121  11:00  SCV  
  121  11:01  Marine x2  
  124  11:04  SCV  
  124  11:09  Marine x2  
  124  11:10  SCV, Supply Depot  
  128  11:12  SCV, Supply Depot  
  128  11:18  Marine x2  
Tags
 
Add a new tag
Caveats
  • Supply blocks, unpowered buildings, or Contaminate may cause inaccurate times.
  • Supply counts are checked every 10 seconds.